 Dungeon Crawl Stone Soup version 0.20.0-15-g7f486f2 (console) character file.

77 removed the Slasher (level 4, -3/27 HPs)
             Began as a Deep Elf Fighter on June 11, 2017.
             Slain by a wight
             ... wielding a +0 flail
              (8 damage)
             ... on level 3 of the Dungeon.
             The game lasted 00:02:01 (2060 turns).

removed the Slasher (Deep Elf Fighter)              Turns: 2060, Time: 00:02:01

Health: -3/27      AC:  8    Str: 13    XL:     4   Next: 13%
Magic:  6/6        EV:  6    Int: 13    God:
Gold:   76         SH:  8    Dex: 15    Spells: 3/3 levels left

rFire    . . .     SeeInvis .   a - +0 long sword
rCold    . . .     Gourm    +   c - +0 shield
rNeg     . . .     Faith    .   b - +0 scale mail
rPois    .         Spirit   .   (no helmet)
rElec    .         Reflect  .   (no cloak)
rCorr    .         Harm     .   (no gloves)
MR       .....                  n - +1 pair of boots {Stlth+}
Stlth    +.........             k - amulet of the gourmand
Regen    0.1/turn               (no ring)
MPRegen  0.1/turn               (no ring)

@: drained
A: no striking features
a: no special abilities


You were on level 3 of the Dungeon.
You were completely stuffed.

You visited 1 branch of the dungeon, and saw 3 of its levels.

You collected 76 gold pieces.

Inventory:

Hand Weapons
 a - a +0 long sword (weapon)
Armour
 b - a +0 scale mail (worn)
 c - a +0 shield (worn)
 n - a +1 pair of boots of stealth (worn)
Jewellery
 k - an amulet of the gourmand (around neck)
Scrolls
 h - 5 scrolls of identify {unknown}
 i - 3 scrolls of remove curse {unknown}
 q - 2 scrolls of teleportation {unknown}
 t - 2 scrolls of amnesia {unknown}
Potions
 d - a potion of might
 j - a potion of haste {unknown}
 l - a potion of cancellation {unknown}
 m - a potion of curing {unknown}
 p - a potion of degeneration {unknown}
 r - a potion of ambrosia {unknown}
 u - a potion of heal wounds {unknown}
 v - a potion of agility {unknown}
Comestibles
 f - 3 bread rations
 s - 2 chunks of flesh


   Skills:
 - Level 2.4(1.8) Fighting
 + Level 4.0(3.4) Long Blades
 - Level 2.4(1.8) Armour
 - Level 2.4(1.8) Shields


You had 3 spell levels left.
You didn't know any spells.

Dungeon Overview and Level Annotations

Branches:
Dungeon (3/15)

Altars:
Elyvilon
Okawaru


Message History

You are too injured to fight recklessly!
You hit the wight but do no damage.
The wight is lightly damaged.
You block the wight's attack.
The wight hits you from afar with an enchanted trident.
* * * LOW HITPOINT WARNING * * *
You hit the wight but do no damage.
The wight is lightly damaged.
The wight barely misses you. x2
You hit the wight but do no damage.
The wight is lightly damaged.
The wight closely misses you. The wight barely misses you.
Your shield and scale mail prevent you from hitting the wight.
The wight is lightly damaged.
The wight closely misses you. You block the wight's attack.
Unknown command.
You closely miss the wight.
The wight is lightly damaged.
The wight hits you but does no damage. The wight hits you with a flail!
You die...

...#.#.#.###.#........########
##.###.#.....#..#.####### #.#
#.#######..#.......#
#.###'###......#######.#
#......##.####.........#
###....##.# ###########
#.)..##.# #.z ..# ###....##.#
#z# #.# #.........# ###@###.#
#.........# #.......#
#..######.# #.......#
#..#....#.# #.......#####..
#..#....#.# #....(.........
#..#....#.# #......######..
#..#....#.###......#
#..#..รท.#...'......#
##.##'###..##......#


You could see 2 wights.

Vanquished Creatures
  An adder (D:2)
  2 gnolls (D:3)
  A dart slug (D:1)
  An orc (D:3)
  4 bats
  A giant cockroach (D:2)
  9 goblins
  5 hobgoblins
  4 jackals (D:2)
  A ball python (D:2)
  2 frilled lizards
  6 kobolds
  8 rats
45 creatures vanquished.

Notes
Turn   | Place    | Note
-------+----------+-------------------------------------------
     0 | D:1      | removed the Deep Elf Fighter began the quest for the Orb.
     0 | D:1      | Reached XP level 1. HP: 13/13 MP: 3/3
    11 | D:1      | Reached skill level 2 in Long Blades
   183 | D:1      | Reached XP level 2. HP: 17/18 MP: 4/4
   814 | D:2      | Reached skill level 3 in Long Blades
   921 | D:2      | Reached XP level 3. HP: 22/22 MP: 5/5
  1256 | D:2      | Found a white marble altar of Elyvilon.
  1664 | D:3      | Reached skill level 4 in Long Blades
  1664 | D:3      | Reached XP level 4. HP: 13/27 MP: 6/6
  1815 | D:3      | Found an iron altar of Okawaru.
  2060 | D:3      | Slain by a wight

Skill      XL: |  1  2  3 |
---------------+----------+-----
Long Blades    | 2 3 4 |  4.0
Fighting       | |  2.4
Armour         | |  2.4
Shields        | |  2.4

Action                   |  1- 3 |  4- 6 || total
-------------------------+-------+-------++-------
Melee: Long sword        |   138 |    12 ||   150
 Stab: Sleeping          |       |     1 ||     1
  Eat: Chunk             |    13 |     1 ||    14
Armor: Scale mail        |    69 |     4 ||    73
Dodge: Dodged            |    52 |     7 ||    59
Block: Shield            |    67 |     6 ||    73
       Rpst.: Long sword |    18 |       ||    18
